 Dungeon Crawl Stone Soup version 0.31-a0-836-g3ceb0a68c4 (webtiles) character file.

Game seed: 11446917323198066705

34 TheStruggler the Shield-Bearer (level 3, 0/30 HPs)
             Began as a Formicid Fighter on Sept 26, 2023.
             Was a Follower of Makhleb.
             Succumbed to an adder's poison
             ... on level 2 of the Dungeon.
             The game lasted 00:07:58 (792 turns).

TheStruggler the Shield-Bearer (Formicid Fighter)    Turns: 792, Time: 00:07:59

Health: 0/30       AC:  7    Str: 21 (22) XL:     3   Next: 50%
Magic:  3/3        EV:  9    Int:  6 (7)  God:    Makhleb [*.....]
Gold:   69         SH:  5    Dex: 11 (13) Spells: 2/2 levels left

rFire   . . .        a - +0 flail
rCold   . . .        c - +0 buckler
rNeg    . . .        b - +0 scale mail
rPois   .            (helmet unavailable)
rElec   .            (no cloak)
rCorr   .            (no gloves)
SInv    +            (no boots)
Will    .....        (no amulet) Stlth
                     (no ring)
HPRegen 0.25/turn    (no ring)
MPRegen 0.08/turn

%: no passive effects
@: mighty, lethally poisoned (0 -> -1)
A: permanent stasis, dig shafts and tunnels, antennae 3, four strong arms
a: Dig, Shaft Self, Renounce Religion


You were on level 2 of the Dungeon.
You worshipped Makhleb.
Makhleb was aware of your devotion.
You visited 1 branch of the dungeon, and saw 2 of its levels.

You collected 69 gold pieces.

Inventory:

Hand Weapons
 a - a +0 flail (weapon)
 h - a +0 sling
Missiles
 i - 3 stones
Armour
 b - a +0 scale mail (worn)
 c - a +0 buckler (worn)
Jewellery
 l - a ring of flight
Scrolls
 f - 2 scrolls of teleportation {unknown}
 g - a scroll of identify {unknown}
 m - a scroll of noise {unknown}
Potions
 e - a potion of resistance {unknown}
 k - a potion of enlightenment {unknown}


   Skills:
 + Level 3.7 Fighting
 + Level 2.4 Maces & Flails
 + Level 3.7 Armour
 + Level 4.5 Shields


You had 2 spell levels left.
You didn't know any spells.
Your spell library was empty.

Dungeon Overview and Level Annotations

Branches:
Dungeon (2/15)

Altars:
Makhleb


Innate Abilities, Weirdness & Mutations

You cannot be hasted, slowed, berserked, paralysed or teleported.
You can dig through walls and to a lower floor.
You have a pair of large antennae on your head. (SInv)
Your four strong arms can wield two-handed weapons with a shield.


Message History

* * * LOW HITPOINT WARNING * * *
You closely miss the adder.
The adder is heavily wounded.
You feel sick. You block the bat's attack. The adder closely misses you.
You barely miss the adder.
The adder is heavily wounded.
You feel sick.
You are no longer poisoned.
The bat hits you but does no damage. You block the adder's attack.
The adder bites you but does no damage.
You hit the adder.
The adder is heavily wounded.
You block the bat's attack. The adder bites you.
* * * LOW HITPOINT WARNING * * *
You are lethally poisoned!
The adder poisons you! The adder bites you but does no damage.
You hit the adder.
The adder is severely wounded.
* * * LOW HITPOINT WARNING * * *
You feel sick. The bat hits you but does no damage.
The adder bites you but does no damage.
You hit the adder.
You kill the adder!
Makhleb accepts your kill.
* * * LOW HITPOINT WARNING * * *
You feel sick. The bat hits you but does no damage.
You sock the bat!
You kill the bat!
Makhleb accepts your kill.
* * * LOW HITPOINT WARNING * * *
You feel sick.
Okay, then.
Okay, then.
You feel very mighty all of a sudden.
* * * LOW HITPOINT WARNING * * *
You feel sick.
It was a potion of degeneration.
There was something very wrong with that liquid.
You feel weakened.
You feel dopey.
You feel clumsy.
You die...

###############...#...# #
#.............#...###.###
#.................# #....
..............#...###..##
...................<#..##
.........)...............
...........##............
..........>.......)#.....
.8.....†@.........###....
.........................
......####.#.#.....#.....
...... #.#.............
...... ...............#
..... .................
..##. ......####.... ...


There were no monsters in sight!

Vanquished Creatures
  An adder (D:2)
  5 ball pythons (D:1)
  A bat (D:2)
  An endoplasm (D:1)
  2 giant cockroaches (D:1)
  A goblin (D:2)
  2 hobgoblins (D:1)
  5 kobolds (D:1)
  A quokka (D:1)
  4 rats (D:1)
23 creatures vanquished.

Notes
Turn   | Place    | Note
-------+----------+-------------------------------------------
     0 | D:1      | TheStruggler the Formicid Fighter began the quest for the
                  | Orb.
     0 | D:1      | Reached XP level 1. HP: 18/18 MP: 1/1
   258 | D:1      | Reached XP level 2. HP: 24/24 MP: 2/2
   317 | D:1      | Found a faded altar of an unknown god.
   354 | D:1      | Prayed at the altar of an unknown god.
   354 | D:1      | Became a worshipper of Makhleb the Destroyer
   354 | D:1      | Reached * piety under Makhleb
   656 | D:1      | Reached XP level 3. HP: 28/29 MP: 3/3
   790 | D:2      | HP: 1/30 [poisoned by an adder]
   792 | D:2      | Succumbed to an adder's poison

Illustrated notes

Levels and vault maps discovered:
D:1:      kennysheep_arrival_seaside, layout_loops_cross,
          shapermc_ecumenical_altar_starsandcircs, minmay_tall_x
D:2:      layout_basic, serial_curves, eino_curves_02, eino_curves_04,
          basic_altar, serial_shops, nicolae_shop_statue_plus, dk_noncrumbling_2

Action                     || total
---------------------------++-------
  Melee: Flail             ||    73
Ability: Dig               ||     2
    Use: Potion            ||     2
 Armour: Scale mail        ||    52
  Dodge: Dodged            ||    31
  Block: Buckler           ||    22

Table legend: (Time is in decaauts)
 A = Elapsed time spent in this place.
 B = Non-inter-level travel time spent in this place.
 C = Inter-level travel time spent in this place.
 D = Time resting spent in this place.
 E = Time spent auto-exploring this place.
 F = Levels seen in this place.
 G = Mean time per level.
                   A        B        C        D        E       F      G
               +--------+--------+--------+--------+--------+-----+--------+
         Total |    817 |    817 |      0 |      2 |    281 |   2 |  408.5 |
       Dungeon |    817 |    817 |      0 |      2 |    281 |   2 |  408.5 |
               +--------+--------+--------+--------+--------+-----+--------+

Top non-repeatable levels by time:
     D:1: 723 daAuts
     D:2: 94 daAuts
